 Dungeon Crawl Stone Soup version 0.18-a0-1628-g61c6396 (webtiles) character file.

2712 dohliylev the Covert (level 9, -1/65 HPs)
             Began as a Vampire Assassin on Mar 25, 2016.
             Was a Believer of Dithmenos.
             Killed by divine providence
             ... invoked by an orc priest
              (10 damage)
             ... on level 8 of the Dungeon.
             The game lasted 00:55:07 (7724 turns).

dohliylev the Covert (Vampire Assassin)             Turns: 7724, Time: 00:55:08

Health: -1/65      AC:  4    Str: 10    XL:     9   Next: 39%
Magic:  9/9        EV: 15    Int: 13    God:    Dithmenos [**....]
Gold:   342        SH:  0    Dex: 23    Spells: 1 memorised, 2 levels left

rFire  . . .     SeeInvis +     b - +0 blowgun
rCold  . . .     Gourm    .     h - +0 robe
rNeg   + + .     Faith    .     (no shield)
rPois  .         Spirit   .     (no helmet)
rElec  .         Dismiss  .     d - +0 cloak
rCorr  .         Reflect  .     p - +0 pair of gloves
SustAt .         Harm     .     (no boots)
MR     .....                    (no amulet)
Stlth  ++++++++..               t - +4 ring of dexterity
                                F - ring of positive energy

@: wreathed by umbra, not resistant to hostile enchantments, extraordinarily
stealthy
A: fangs 3, see invisible, unbreathing
a: Bat Form, Shadow Step, Renounce Religion


You were on level 8 of the Dungeon.
You worshipped Dithmenos.
Dithmenos was pleased with you.
You were not thirsty.

You visited 1 branch of the dungeon, and saw 8 of its levels.

You collected 342 gold pieces.

Inventory:

Hand Weapons
 a - a +2 dagger of draining
 b - a +0 blowgun (weapon)
 o - a +1 dagger of protection
 q - a +0 shortbow
 r - a +2 rapier of venom
Missiles
 e - 26 poisoned needles (quivered)
 f - 2 curare-tipped needles
 x - a throwing net
 N - 17 arrows of frost
Armour
 d - a +0 cloak (worn)
 h - a +0 robe (worn)
 p - a +0 pair of gloves (worn)
 E - a +2 ring mail of magic resistance
Magical Staves
 T - an uncursed staff of cold
Jewellery
 c - an uncursed ring of protection from magic
 t - a +4 ring of dexterity (right hand)
 C - an uncursed ring of magical power
 F - a ring of positive energy (left hand)
Wands
 y - a wand of lightning (5/15)
 S - a wand of random effects (26/48)
Scrolls
 g - a scroll of fog {unknown}
 i - a scroll of blinking {unknown}
 j - 4 scrolls of fear {unknown}
 k - 5 scrolls of identify
 n - 5 scrolls of amnesia {unknown}
 s - 5 scrolls of remove curse
 A - 2 scrolls of teleportation {unknown}
 B - a scroll of recharging {unknown}
 D - 2 scrolls of random uselessness {unknown}
 I - a scroll of immolation {unknown}
 K - a scroll of enchant weapon {unknown}
 M - 3 scrolls of magic mapping {unknown}
 P - a scroll of noise {unknown}
Potions
 l - 10 potions of blood
 u - a potion of curing {unknown}
 v - a potion of cure mutation {unknown}
 w - 2 potions of degeneration {unknown}
 z - a potion of brilliance {unknown}
 G - 2 potions of cancellation {unknown}
 H - a potion of might
 J - a potion of mutation {unknown}
 L - 3 potions of magic {unknown}
 U - a potion of flight {unknown}
Books
 O - a Necronomicon

   Spells                             Type                      Level
   a - Haunt                          Necromancy/Summoning         7
   b - Borgnjor's Revivification      Necromancy                   8
   c - Death's Door                   Charms/Necromancy            8
   d - Necromutation                  Transmutation/Necromancy     8
 Q - a book of Death

   Spells                             Type                      Level
   a - Corpse Rot                     Necromancy                   2
   b - Sublimation of Blood           Necromancy                   2
   c - Agony                          Necromancy                   5
   d - Dispel Undead                  Necromancy                   5
   e - Excruciating Wounds            Charms/Necromancy            5
   f - Bolt of Draining               Conjuration/Necromancy       5
 R - a book of Annihilations

   Spells                             Type                      Level
   a - Poison Arrow                   Conjuration/Poison           6
   b - Chain Lightning                Conjuration/Air              8
   c - Lehudib's Crystal Spear        Conjuration/Earth            8
   d - Glaciate                       Conjuration/Ice              9
   e - Fire Storm                     Conjuration/Fire             9


   Skills:
 + Level 4.2 Fighting
 + Level 4.9 Short Blades
 + Level 4.5 Throwing
 - Level 1.0 Armour
 + Level 7.6 Dodging
 + Level 12.3 Stealth
 + Level 0.1 Spellcasting
 + Level 0.3 Poison Magic


You had 2 spell levels left.
You knew the following spells:

 Your Spells              Type           Power        Failure   Level  Hunger
a - Poison Arrow          Conj/Pois      #.........   100%        6    #######


Dungeon Overview and Level Annotations

Branches:
Dungeon (8/15)             Temple (0/1) D:5
   Lair: D:8-11

Altars:
Dithmenos
Elyvilon
Gozag
Pakellas

Shops:
D:6 %

Annotations:
D:7 Nico3ck's ghost, novice TrBe


Innate Abilities, Weirdness & Mutations

You have razor-sharp teeth.
You have supernaturally acute eyesight.
You can survive without breathing.


Message History

You shoot a poisoned needle.
The poisoned needle hits the orc warrior.
The orc warrior looks even sicker.
The orc warrior is almost dead.
You kill the orc warrior!
Dithmenos accepts your kill.
Things that are here:
a dire flail; a plate armour The orc priest calls down the wrath of Beogh upon you.
Beogh smites you!
* * * LOW HITPOINT WARNING * * *
You see here a poisoned needle.
Things that are here:
a dire flail; a plate armour The orc priest mumbles some strange prayers to Beogh against you.
You resist with significant effort.
There is an escape hatch in the ceiling here.
The orc priest invokes the aid of Beogh against you.
Beogh smites you!
You die...

#....>......#.##.....
.... #..........#..#
#### ..
#.........##o## #
#......#####o# #####
#......# ###.########
#.... ##.####
#..).......# #[... #.
#.......<.(# #....
#..........###....
#@............####
##..........#......
#...............##.
#.................#
#.#######.........#
#. ##.#..##..# ..
####.......... ...
.............# ..
######.....###


You could see 2 orc priests.

Vanquished Creatures
  A human (D:7)
  A hog (D:7)
  An orc warrior (D:8)
  A sky beast (D:7)
  A water moccasin (D:5)
  An ice beast (D:8)
  2 phantoms
  2 ogres
  A centaur (D:6)
  A wolf (D:8)
  A big kobold (D:7)
  2 giant frogs
  A scorpion (D:5)
  5 killer bees (D:7)
  4 howler monkeys (D:7)
  An electric eel (D:8)
  3 crimson imps
  A hound (D:6)
  3 orc wizards
  8 orc priests
  3 iguanas
  2 worker ants
  3 sheep (D:7)
  7 gnolls
  7 adders
  A worker ant simulacrum (D:8)
  An ooze (D:5)
  5 worms
  5 dart slugs
  5 giant geckos
  20 orcs
  4 giant cockroaches
  8 goblins
  5 hobgoblins
  7 jackals
  8 kobolds
  2 quokkas
  2 ball pythons
  5 bats
  4 giant newts
  A jackal skeleton (D:4)
  A jackal zombie (D:7)
  5 rats
152 creatures vanquished.

Vanquished Creatures (others)
  A howler monkey (D:7)
1 creature vanquished.

Grand Total: 153 creatures vanquished

Notes
Turn   | Place    | Note
--------------------------------------------------------------
     0 | D:1      | dohliylev the Vampire Assassin began the quest for the Orb.
     0 | D:1      | Reached XP level 1. HP: 16/16 MP: 1/1
   159 | D:1      | Reached skill level 6 in Stealth
   537 | D:1      | Reached XP level 2. HP: 16/22 MP: 2/2
   918 | D:2      | Reached skill level 7 in Stealth
   984 | D:2      | Reached XP level 3. HP: 12/27 MP: 3/3
  1691 | D:3      | Found a faded altar to an unknown god.
  1713 | D:3      | Reached XP level 4. HP: 26/33 MP: 4/4
  2094 | D:3      | Reached skill level 8 in Stealth
  2435 | D:3      | Reached skill level 1 in Armour
  2559 | D:4      | Reached XP level 5. HP: 33/38 MP: 5/5
  2577 | D:4      | Found a shadowy altar of Dithmenos.
  2580 | D:4      | Became a worshipper of Dithmenos the Shadowed
  2594 | D:4      | Noticed a phantom
  2598 | D:4      | Killed a phantom
  2768 | D:4      | Reached XP level 6. HP: 44/44 MP: 6/6
  3026 | D:4      | Found an oddly glowing altar of Pakellas.
  3026 | D:4      | Found an opulent altar of Gozag.
  3136 | D:5      | Entered Level 5 of the Dungeon
  3185 | D:5      | Noticed a water moccasin
  3189 | D:5      | Killed a water moccasin
  3189 | D:5      | Reached skill level 9 in Stealth
  3414 | D:5      | Found a staircase to the Ecumenical Temple.
  3734 | D:5      | Reached XP level 7. HP: 19/51 MP: 7/7
  3854 | D:5      | Reached * piety under Dithmenos
  3873 | D:5      | Reached skill level 10 in Stealth
  4893 | D:6      | Reached skill level 11 in Stealth
  5055 | D:6      | Reached XP level 8. HP: 23/57 MP: 8/8
  5207 | D:6      | Found a white marble altar of Elyvilon.
  5288 | D:6      | Found Peus's Food Shop.
  5705 | D:7      | Learned a level 6 spell: Poison Arrow
  5884 | D:7      | Reached skill level 5 in Dodging
  6149 | D:7      | Noticed Nico3ck's ghost (novice TrBe)
  6823 | D:7      | Reached ** piety under Dithmenos
  7061 | D:7      | Reached XP level 9. HP: 46/65 MP: 9/9
  7129 | D:7      | Reached skill level 12 in Stealth
  7724 | D:8      | Killed from afar by an orc priest

Vault maps used:
D:1:      minmay_arrival_four_houses
D:2:      serial_corexii_hall, corexii_hall_statues_deadend,
          corexii_hall_statues_u
D:3:      ecumenical_altar_1, kennysheep_generic_room_10
D:4:      lemuel_doored_altar, amethyst_overflow_temple_binary, first_bread
D:5:      minmay_temple_entry_mist, grunt_decor_cap
D:6:      nicolae_overflow_crystal_walls, serial_shops, shop
D:7:      grunt_livestock
D:8:      okawaru_ov_weapons_minmay, serial_ice, serial_ice_e, serial_ice_g,
          serial_ice_f, serial_ice_n, serial_ice_l, serial_ice_m, serial_ice_o,
          lemuel_mausoleum_altar_yredelemnul, uniq_maurice

Skill      XL: |  1  2  3  4  5  6  7  8  9 |
---------------+----------------------------+-----
Stealth        | 6 7 8 9 11 12 | 12.3
Fighting       | 2 3 4 |  4.2
Armour         | 1 |  1.0
Short Blades   | 3 4 |  4.9
Throwing       | 2 3 4 |  4.5
Dodging        | 2 3 6 7 |  7.6
Spellcasting   | |  0.1
Poison Magic   | |  0.3

Action                   |  1- 3 |  4- 6 |  7- 9 || total
-------------------------+-------+-------+-------++-------
Melee: Dagger            |    85 |    69 |   312 ||   466
       Rapier            |       |    32 |   119 ||   151
 Fire: Blowgun           |     1 |    33 |    45 ||    79
 Abil: End Transformatio |       |     2 |     4 ||     6
       Bat Form          |       |     2 |     4 ||     6
  Use: Scroll            |       |     2 |     1 ||     3
       Potion            |       |       |    19 ||    19
 Stab: Sleeping          |    15 |    15 |    15 ||    45
       Distracted        |       |       |     3 ||     3
  Eat: Corpse            |     3 |       |       ||     3
